 Dungeon Crawl Stone Soup version 0.27-a0-1046-g98bf31544f (webtiles) character file.

Game seed: 9993312038415113089

11694 lnt the Bludgeoner (level 11, -10/94 HPs)
             Began as a Minotaur Berserker on Apr 20, 2021.
             Was a High Priest of Trog.
             Mangled by a boulder beetle (24 damage)
             ... on level 11 of the Dungeon.
             The game lasted 00:34:22 (15670 turns).

lnt the Bludgeoner (Minotaur Berserker)            Turns: 15670, Time: 00:34:22

Health: -10/94     AC: 12    Str: 22    XL:     11   Next: 52%
Magic:  10/10      EV:  9    Int:  4    God:    Trog [*****.]
Gold:   695        SH:  0    Dex: 13    Spells: 10/10 levels left

rFire    . . .     SeeInvis .   S - +7 great mace
rCold    . . .     Faith    .   (shield currently unavailable)
rNeg     . . .     Spirit   .   o - +0 plate armour
rPois    .         Reflect  .   (helmet restricted)
rElec    .         Harm     .   (no cloak)
rCorr    .         Rampage  .   (no gloves)
Will     .....                  c - +0 pair of boots
Stlth    ..........             (no amulet)
HPRegen  0.25/turn              (no ring)
MPRegen  0.12/turn              (no ring)

@: no status effects
A: horns 2, retaliatory headbutt
a: Renounce Religion, Berserk, Trog's Hand, Brothers in Arms


You were on level 11 of the Dungeon.
You worshipped Trog.
Trog was extremely pleased with you.
You visited 1 branch of the dungeon, and saw 11 of its levels.
You also visited: Sewer and Ossuary.

You collected 695 gold pieces.

Inventory:

Hand Weapons
 a - a +0 mace
 b - a +2 antimagic great mace
 k - a +0 dagger of venom
 q - a +0 flail
 y - a +1 vorpal hand crossbow
 K - a +3 hunting sling
 S - a +7 great mace (weapon)
Missiles
 p - 479 stones
 s - 54 poisoned darts
 B - 75 bolts
 H - 2 curare-tipped darts
 Q - 4 atropa-tipped darts
 T - 5 boomerangs of dispersal
Armour
 c - a +0 pair of boots (worn)
 o - a +0 plate armour (worn)
Wands
 f - a wand of charming (6)
 P - a wand of paralysis (11)
 V - a wand of flame (18)
Scrolls
 d - 2 scrolls of vulnerability
 g - 5 scrolls of identify
 h - 8 scrolls of teleportation
 i - 3 scrolls of immolation
 l - a scroll of summoning
 n - a scroll of noise {unknown}
 t - 5 scrolls of enchant armour
 E - 4 scrolls of amnesia
 F - a scroll of blinking
 G - a scroll of silence
 I - a scroll of acquirement {unknown}
 L - 2 scrolls of fog {unknown}
 N - a scroll of holy word {unknown}
 U - 2 scrolls of magic mapping {unknown}
Potions
 e - 5 potions of might {unknown}
 j - 4 potions of haste {unknown}
 m - 2 potions of invisibility {unknown}
 r - a potion of magic
 u - a potion of lignification {unknown}
 v - 3 potions of cancellation {unknown}
 w - 3 potions of mutation {unknown}
 x - a potion of ambrosia {unknown}
 z - 3 potions of heal wounds
 A - 2 potions of attraction {unknown}
 C - 3 potions of brilliance {unknown}
 D - 10 potions of curing
 J - 5 potions of flight {unknown}
 M - a potion of degeneration {unknown}
 O - a potion of resistance {unknown}
Miscellaneous
 R - a condenser vane


   Skills:
 - Level 8.0 Fighting
 + Level 16.9 Maces & Flails
 - Level 2.4 Armour
 - Level 10.1 Dodging


You had 10 spell levels left.
You didn't know any spells.
Your spell library contained the following spells:

 Spells                   Type           Power      Damage    Failure   Level
 Summon Small Mammal      Summ           0%         N/A       100%        1
 Call Imp                 Summ           0%         N/A       100%        2
 Call Canine Familiar     Summ           0%         N/A       100%        3
 Summon Guardian Golem    Hex/Summ       0%         N/A       100%        3
 Summon Ice Beast         Ice/Summ       0%         N/A       100%        4
 Summon Lightning Spire   Summ/Air       0%         N/A       100%        4


Dungeon Overview and Level Annotations

Branches:
Dungeon (11/15)            Temple (0/1) D:5            Lair (0/6) D:8
    Orc (0/2) D:9           Sewer (visited)         Ossuary (visited)

Altars:
Cheibriados
Dithmenos
Gozag
Kikubaaqudgha
Makhleb
Nemelex Xobeh
Okawaru
Qazlal
Trog
Uskayaw
Xom
Yredelemnul


Innate Abilities, Weirdness & Mutations

You have a pair of horns on your head.
You reflexively headbutt those who attack you in melee.


Message History

An acid dragon and a boulder beetle come into view.
The acid dragon roars!
The boulder beetle curls into a ball and begins rolling!
Found a hand axe.
You bludgeon the boulder beetle!!
The boulder beetle is moderately wounded.
The boulder beetle hits you!!
The boulder beetle stops rolling and uncurls.
You bludgeon the boulder beetle!!
The boulder beetle is heavily wounded.
The boulder beetle leaps!
The acid dragon spits acid at you. The splash of acid hits you.
You are splashed with acid!
You hear a shout!
The acid dragon misses you. You furiously retaliate!
You headbutt the acid dragon!
The acid dragon claws you but does no damage.
You hit the acid dragon.
The acid dragon is heavily wounded.
The acid dragon bites you but does no damage.
The acid dragon closely misses you.
You bludgeon the acid dragon!!
You kill the acid dragon!
Trog accepts your kill.
The boulder beetle curls into a ball and begins rolling!
You hit the boulder beetle but do no damage.
The boulder beetle is heavily wounded.
The boulder beetle hits you!!!
* * * LOW HITPOINT WARNING * * *
The boulder beetle stops rolling and uncurls.
You are too injured to fight recklessly!
You are too injured to fight recklessly!
Okay, then.
Okay, then.
You feel much better. The boulder beetle bites you!!
* * * LOW HITPOINT WARNING * * *
You bludgeon the boulder beetle!!
The boulder beetle is almost dead.
The boulder beetle bites you!!
You die...

....................#
...................#
...................#
..........(........#
######..##########.#
#..# #.#
#..##########.#
............#
.......@....#
......B.....#
............#
.........<..#
............#
............#
...........)#
............#


You could see a boulder beetle.

Vanquished Creatures
  Erica (D:9)
  2 two-headed ogres (D:10)
  Pikel (D:9)
  A deep elf pyromancer (D:9)
  A gargoyle (D:10)
  A komodo dragon (D:8)
  A troll (D:9)
  18 yaks
  A wyvern (D:9)
  Menkaure (Ossuary)
  An acid dragon (D:11)
  3 water moccasins
  An ice beast (D:8)
  4 sky beasts
  5 orc warriors
  3 necrophages
  2 black bears (D:5)
  2 centaurs
  3 kobold brigands
  An elf zombie (Ossuary)
  A gnoll sergeant (D:7)
  A bullfrog (D:9)
  A wyvern zombie (D:6)
  Blork the orc (D:5)
  A scorpion (D:6)
  A water moccasin zombie (D:5)
  9 howler monkeys
  A crimson imp (D:9)
  11 centaur zombies
  3 hounds
  5 jellies
  A bullfrog skeleton (D:4)
  2 gnoll shamans
  7 orc priests
  2 iguanas
  7 orc wizards
  3 ogre zombies (Ossuary)
  A hound skeleton (D:5)
  6 mummies (Ossuary)
  A howler monkey zombie (D:10)
  17 gnolls
  7 adders
  9 river rats (Sewer)
  4 adder zombies (Ossuary)
  An adder skeleton (D:3)
  A dart slug (D:1)
  48 orcs
  12 ball pythons
  11 endoplasms
  7 giant cockroaches
  8 goblins
  11 hobgoblins
  10 jackals
  26 kobolds
  5 quokkas
  4 bats
  3 frilled lizards
  A gnoll zombie (Ossuary)
  3 goblin zombies (Ossuary)
  A hobgoblin zombie (Ossuary)
  8 kobold zombies (Ossuary)
  6 quokka zombies (Ossuary)
  21 rats
  A rat zombie (Ossuary)
343 creatures vanquished.

Vanquished Creatures (collateral kills)
  2 lemures (D:9)
  2 kobolds (D:9)
4 creatures vanquished.

Vanquished Creatures (others)
  2 fungi (D:2)
  12 plants
14 creatures vanquished.

Grand Total: 361 creatures vanquished

Notes
Turn   | Place    | Note
-------+----------+-------------------------------------------
     0 | D:1      | lnt the Minotaur Berserker began the quest for the Orb.
     0 | D:1      | Reached XP level 1. HP: 19/19 MP: 0/0
    27 | D:1      | Reached skill level 4 in Maces & Flails
   303 | D:1      | Reached XP level 2. HP: 26/26 MP: 1/1
   592 | D:1      | Reached skill level 5 in Maces & Flails
   627 | D:1      | Reached XP level 3. HP: 31/31 MP: 2/2
  1231 | D:2      | Reached ** piety under Trog
  1363 | D:2      | Found a faded altar of an unknown god.
  1666 | D:2      | Reached skill level 6 in Maces & Flails
  1666 | D:2      | Reached XP level 4. HP: 35/39 MP: 3/3
  2371 | D:3      | Reached skill level 5 in Fighting
  2371 | D:3      | Reached XP level 5. HP: 29/48 MP: 4/4
  2851 | D:3      | Reached *** piety under Trog
  3188 | D:4      | Found an iron altar of Okawaru.
  3490 | D:4      | Reached XP level 6. HP: 55/57 MP: 5/5
  4087 | D:5      | Entered Level 5 of the Dungeon
  4650 | D:5      | Reached XP level 7. HP: 59/68 MP: 6/6
  4959 | D:5      | Found a sparkling altar of Nemelex Xobeh.
  4964 | D:5      | Reached **** piety under Trog
  5101 | D:5      | Noticed Blork the orc
  5110 | D:5      | Killed Blork the orc
  5111 | D:5      | Reached skill level 5 in Dodging
  5488 | D:5      | Found a staircase to the Ecumenical Temple.
  6059 | D:6      | Reached XP level 8. HP: 74/74 MP: 7/7
  6327 | D:6      | Found a glowing drain.
  6362 | Sewer    | Entered a sewer
  7084 | Sewer    | Reached ***** piety under Trog
  8087 | D:6      | Reached skill level 10 in Dodging
  8142 | D:6      | Reached XP level 9. HP: 79/81 MP: 8/8
  8645 | D:7      | Found a stormy altar of Qazlal.
  8767 | D:7      | Reached skill level 7 in Maces & Flails
  9007 | D:7      | Reached skill level 8 in Maces & Flails
  9594 | D:7      | Found an opulent altar of Gozag.
  9622 | D:7      | Found a shadowy altar of Dithmenos.
  9623 | D:7      | Found a bloodstained altar of Trog.
  9624 | D:7      | Found a basalt altar of Yredelemnul.
  9792 | D:8      | Reached skill level 9 in Maces & Flails
  9862 | D:8      | Found a sand-covered staircase.
  9872 | Ossuary  | Entered an ossuary
  9992 | Ossuary  | Noticed Menkaure
 10003 | Ossuary  | Killed Menkaure
 10009 | Ossuary  | Received a gift from Trog
 10236 | Ossuary  | Reached skill level 10 in Maces & Flails
 10716 | D:8      | Reached skill level 11 in Maces & Flails
 10730 | D:8      | Reached XP level 10. HP: 25/88 MP: 3/9
 11012 | D:8      | Reached skill level 12 in Maces & Flails
 11171 | D:8      | Reached skill level 13 in Maces & Flails
 11584 | D:8      | Found a staircase to the Lair.
 12693 | D:9      | Noticed a deep elf pyromancer
 12693 | D:9      | Noticed Erica
 12701 | D:9      | Killed Erica
 12702 | D:9      | Reached skill level 14 in Maces & Flails
 12948 | D:9      | Killed a deep elf pyromancer
 12995 | D:9      | Reached skill level 15 in Maces & Flails
 13413 | D:9      | Reached XP level 11. HP: 90/94 MP: 3/10
 13470 | D:9      | Found a shimmering altar of Xom.
 13471 | D:9      | Found a burning altar of Makhleb.
 13615 | D:9      | Noticed Pikel
 13624 | D:9      | Killed Pikel
 13630 | D:9      | Received a gift from Trog
 13764 | D:9      | Found a hide-covered altar of Uskayaw.
 14277 | D:9      | Found a staircase to the Orcish Mines.
 14542 | D:10     | Entered Level 10 of the Dungeon
 14558 | D:10     | Reached skill level 16 in Maces & Flails
 14565 | D:10     | Noticed a two-headed ogre
 14573 | D:10     | Killed a two-headed ogre
 14905 | D:10     | Found an ancient bone altar of Kikubaaqudgha.
 15252 | D:10     | Found a snail-covered altar of Cheibriados.
 15259 | D:10     | Noticed a two-headed ogre
 15264 | D:10     | Killed a two-headed ogre
 15659 | D:11     | Noticed a boulder beetle
 15670 | D:11     | Mangled by a boulder beetle

Illustrated notes

Levels and vault maps discovered:
D:1:      sevenhm_arrival_forest_fort_large_4, layout_rooms, chequers_jeans
D:2:      layout_basic, ebering_ecumenical_altar_webs, serial_forest,
          infiniplex_forest_lined_room_2, infiniplex_forest_corner_2,
          infiniplex_forest_clump_diagonal, infiniplex_forest_clump_double,
          infiniplex_forest_straight_2, infiniplex_forest_clump_diagonal,
          uniq_crazy_yiuf_cottage
D:3:      layout_basic, serial_aquarium, aquarium_bridge_long_separate
          [aquarium_subvault_bridge, aquarium_subvault_bridge,
          aquarium_subvault_wall, aquarium_subvault_window,
          aquarium_subvault_bridge, aquarium_subvault_bridge],
          aquarium_window_2, aquarium_window_fake, aquarium_view_2d
D:4:      layout_basic, okawaru_ov_weapons_minmay, minmay_checkerbox
D:5:      layout_basic, overflow_temple_1_default,
          minmay_temple_entry_gardened_gates, grunt_decor_fettered,
          uniq_blork_the_orc
D:6:      layout_layer_cave, portal_sewer_entry_f, kennysheep_donut
D:7:      layout_loops_ring, nicolae_qazlal_eye_of_the_storm,
          lemuel_doored_altar, chequers_temple_overflow_statue_of_worship
D:8:      layout_gridville, david_lair_shrubbed, nicolae_ossuary_entry_ruins,
          hangedman_little_slice_of_home
D:9:      layout_roguey, grunt_temple_overflow_champion_of_chaos,
          kennysheep_mini, hiddenorc1_lemuel, minmay_fractal_squares_diagonal_5,
          uniq_pikel, uniq_erica
D:10:     layout_irregular_city, cheibriados_altar_1,
          nicolae_kikubaaqudgha_miasma_corner
D:11:     layout_long_grid, minmay_fractal_squares_5

Skill      XL: |  1  2  3  4  5  6  7  8  9 10 11 |
---------------+----------------------------------+-----
Maces & Flails | 4 5 6 11 15 16 | 16.9
Fighting       | 5 6 8 |  8.0
Dodging        | 6 10 | 10.1
Armour         | |  2.4

Action                   |  1- 3 |  4- 6 |  7- 9 | 10-12 || total
-------------------------+-------+-------+-------+-------++-------
Melee: Mace              |   114 |   119 |   363 |       ||   596
       Headbutt          |     8 |    26 |   103 |    54 ||   191
       Great mace        |       |       |    82 |   223 ||   305
Invok: Berserk           |     1 |     3 |     4 |     7 ||    15
       Trog's Hand       |       |       |     1 |     1 ||     2
       Brothers in Arms  |       |       |       |     1 ||     1
  Use: Scroll            |       |       |     9 |       ||     9
       Potion            |       |       |     2 |     2 ||     4
 Stab: Sleeping          |     1 |       |       |       ||     1
Armor: Animal skin       |     5 |       |       |       ||     5
       Scale mail        |    14 |       |       |       ||    14
       Plate armour      |    45 |    83 |   260 |   142 ||   530
Dodge: Dodged            |    59 |    46 |   205 |   121 ||   431

Table legend: (Time is in decaauts)
 A = Elapsed time spent in this place.
 B = Non-inter-level travel time spent in this place.
 C = Inter-level travel time spent in this place.
 D = Time resting spent in this place.
 E = Time spent auto-exploring this place.
 F = Levels seen in this place.
 G = Mean time per level.
                   A        B        C        D        E       F      G
               +--------+--------+--------+--------+--------+-----+--------+
         Total |  15893 |  15371 |    522 |   4346 |   8628 |  13 | 1222.5 |
       Dungeon |  14119 |  13597 |    522 |   3795 |   7905 |  11 | 1283.5 |
         Sewer |   1035 |   1035 |      0 |    326 |    381 |   1 | 1035.0 |
       Ossuary |    738 |    738 |      0 |    224 |    342 |   1 |  738.0 |
               +--------+--------+--------+--------+--------+-----+--------+

Top non-repeatable levels by time:
     D:8: 2784 daAuts
     D:5: 1725 daAuts
     D:6: 1520 daAuts
     D:9: 1302 daAuts
     D:4: 1257 daAuts
     D:7: 1171 daAuts
     D:2: 1140 daAuts
     D:3: 1058 daAuts
    D:10: 1037 daAuts
   Sewer: 1035 daAuts
     D:1: 1030 daAuts
 Ossuary: 738 daAuts
    D:11: 93 daAuts
